Map: Lightshade LE

Players

Xander

  • Race: Terran Terran
  • League: Bronze

Throwfordays - Winner!

  • Race: Terran Terran
  • League: Gold

VOD

Have the link to the VOD?

Description

Time

  • Played on: Aug. 27, 2021, 5:05 p.m.
  • Length: 10:05
Show
View Real Time Build Order
Export as new Build Order

Xander Terran 

Build Orders:  

Get SALT Encoding   

  12  0:03  SCV  
  13  0:16  SCV  
  13  0:21  Supply Depot  
  14  0:28  SCV  
  16  0:42  SCV  
  16  0:47  Barracks  
  16  0:54  SCV  
  17  1:01  Supply Depot  
  17  1:13  SCV  
  18  1:25  SCV  
  19  1:32  Command Center  
  19  1:41  Refinery  
  19  1:52  Marine  
  20  1:58  SCV  
  21  2:07  Engineering Bay  
  21  2:09  Marine  
  21  2:12  SCV  
  23  2:30  Barracks  
  23  2:35  Refinery  
  21  2:47  Bunker  
  21  2:48  Marine  
  21  2:54  SCV  
  20  3:06  Marine  
  20  3:17  Planetary Fortress  
  17  3:24  Marine  
  13  3:40  SCV  
  13  3:42  Marine  
  13  3:52  SCV  
  13  3:55  SCV  
  9  3:59  Marine  
  8  4:04  SCV  
  8  4:07  SCV  
  10  4:16  SCV  
  10  4:17  Marine  
  10  4:19  SCV  
  12  4:29  SCV  
  11  4:31  SCV  
  12  4:43  SCV  
  12  4:57  Planetary Fortress  
  11  5:00  Marine  
  11  5:05  SCV  
  12  5:17  SCV  
  13  5:29  SCV  
  12  5:41  SCV  
  13  5:53  SCV  
  14  6:05  Marine, SCV  
  15  6:17  SCV  
  15  6:23  Marine  
  16  6:29  SCV  
  18  6:32  SCV  
  18  6:41  Marine  
  18  6:42  SCV  
  20  6:53  Supply Depot  
  20  6:54  SCV  
  21  6:59  Marine  
  21  7:00  Command Center  
  19  7:57  SCV  
  15  8:09  Marine  
  15  8:10  SCV  
  17  8:22  SCV  
  17  8:27  Marine  
  17  8:34  SCV  
  16  8:45  Marine  
  17  8:53  Refinery  
  15  9:19  Barracks  
  15  9:22  Barracks  
  15  9:27  Barracks  
  12  9:52  SCV  
Show
View Real Time Build Order
Export as new Build Order

Throwfordays Terran - Winner!

Build Orders: Mech 

Get SALT Encoding   

  12  0:00  SCV  
  13  0:12  SCV  
  14  0:19  Supply Depot  
  14  0:25  SCV  
  15  0:31  Refinery  
  15  0:45  Barracks  
  15  0:47  SCV  
  16  0:55  Supply Depot  
  16  0:59  SCV  
  17  1:11  SCV  
  18  1:23  Barracks  
  18  1:25  SCV  
  19  1:32  Refinery, Reaper  
  20  1:38  SCV  
  21  1:50  SCV  
  22  2:00  Engineering Bay  
  22  2:02  SCV  
  22  2:04  Reaper  
  24  2:12  Barracks  
  24  2:34  Reaper  
  25  2:47  Reaper  
  26  3:06  Reaper  
  27  3:23  Reaper x2  
  29  4:02  Reaper x2  
  31  4:19  Supply Depot, Terran Infantry Weapons Level 1  
  31  4:20  Supply Depot  
  31  4:23  Barracks Reactor  
  29  4:53  SCV  
  29  4:58  Command Center  
  29  4:59  Refinery  
  30  5:06  SCV  
  31  5:48  Marine x2  
  31  5:49  Marine x2  
  35  6:04  Factory  
  35  6:06  Marine x2  
  37  6:11  Refinery  
  37  6:42  SCV  
  37  6:45  SCV  
  39  6:51  Supply Depot  
  39  6:53  Supply Depot  
  39  6:54  Marine x2, SCV  
  39  6:56  Barracks Reactor  
  39  6:57  Barracks Reactor, SCV  
  43  7:01  Factory Tech Lab  
  43  7:04  Factory  
  43  7:06  SCV  
  44  7:09  SCV  
  45  7:18  SCV  
  45  7:21  SCV  
  47  7:26  Siege Tank  
  50  7:31  SCV  
  50  7:33  SCV  
  52  7:42  Marine x2  
  52  7:43  Marine x4  
  58  7:53  Factory  
  58  7:56  Factory Tech Lab  
  58  7:58  Siege Tank  
  61  8:00  Marine x3  
  61  8:01  Marine x3  
  67  8:25  Siege Tank  
  70  8:30  Siege Tank  
  73  8:48  Factory Tech Lab  
  73  8:57  Siege Tank  
  73  8:59  Supply Depot  
  76  9:21  Siege Tank  
Tags
 
Composition
Mech
Matchup
TvT
Race
Terran
Replay Pack
Multiplayer
Add a new tag
Caveats
  • Supply blocks, unpowered buildings, or Contaminate may cause inaccurate times.
  • Supply counts are checked every 10 seconds.